 Dungeon Crawl Stone Soup version 0.27-a0-1181-g5f64966fcc (webtiles) character file.

Game seed: 11691665068166475800

600 tilp the Caller (level 7, 0/54 HPs)
             Began as a Barachi Summoner on May 17, 2021.
             Succumbed to an orc's poison
             ... on level 5 of the Dungeon.
             The game lasted 00:08:11 (6892 turns).

tilp the Caller (Barachi Summoner)                  Turns: 6892, Time: 00:08:11

Health: 0/54       AC:  8    Str: 11    XL:     7   Next: 41%
Magic:  10/10      EV: 11    Int: 16    God:
Gold:   212        SH:  0    Dex: 14    Spells: 4/10 levels left

rFire    . . .     SeeInvis .   a - +4 spear (venom)
rCold    . . .     Faith    .   (no shield)
rNeg     . . .     Spirit   .   g - +0 ring mail
rPois    .         Reflect  .   (no helmet)
rElec    .         Harm     .   (no cloak)
rCorr    .         Rampage  .   (no gloves)
Will     .....                  p - +1 pair of boots
Stlth    +++.......             (no amulet)
HPRegen  0.18/turn              (no ring)
MPRegen  0.12/turn              (no ring)

@: mighty, lethally poisoned (0 -> -9), attractive, flying, hasted, quick
A: amphibious, slowness 1, strong legs 1, +LOS, thin skeletal structure 1,
shaggy fur 1, MP-powered wands
a: Hop


You were on level 5 of the Dungeon.
You visited 1 branch of the dungeon, and saw 5 of its levels.

You collected 212 gold pieces.

Inventory:

Hand Weapons
 a - a +4 spear of venom (weapon)
 b - a +1 whip of flaming
 l - a +0 trident
 s - a +0 halberd
Missiles
 i - 3 atropa-tipped darts
 k - 13 poisoned darts
Armour
 g - a +0 ring mail (worn)
 o - a +0 chain mail
 p - a +1 pair of boots (worn)
 q - a +0 robe
Wands
 m - a wand of mindburst (11)
Scrolls
 c - a scroll of summoning
 f - 2 scrolls of fog
 h - a scroll of silence
Potions
 e - 3 potions of invisibility
 j - a potion of flight


   Skills:
 - Level 4.0 Fighting
 + Level 0.2 Polearms
 - Level 4.0 Dodging
 - Level 4.0 Stealth
 + Level 2.2 Spellcasting
 - Level 6.0 Summonings
 - Level 4.0 Evocations


You had 4 spell levels left.
You knew the following spells:

 Your Spells              Type           Power      Damage    Failure   Level
a - Summon Small Mammal   Summ           84%        N/A       4%          1
b - Call Imp              Summ           21%        N/A       6%          2
c - Call Canine Familiar  Summ           21%        N/A       13%         3

Your spell library contained the following spells:

 Spells                   Type           Power      Damage    Failure   Level
 Summon Guardian Golem    Hex/Summ       11%        N/A       41%         3
 Summon Ice Beast         Ice/Summ       11%        N/A       82%         4
 Summon Lightning Spire   Summ/Air       11%        N/A       82%         4


Dungeon Overview and Level Annotations

Branches:
Dungeon (5/15)
 Temple: D:4-7

Altars:


Innate Abilities, Weirdness & Mutations

You are amphibious.
You cover ground slowly.
You can hop short distances.
You have an extended range of vision and can be seen from far away.
You have a somewhat thin skeletal structure. (Dex +2, Stealth+)
You are covered in fur. (AC +1)
You expend magic power (3 MP) to strengthen your wands.


Message History

You are more poisoned.
You are too injured to fight recklessly!
You hit the orc.
The orc is poisoned.
The orc is moderately wounded.
You feel extremely sick. The orc hits you but does no damage.
You are lethally poisoned!
You hit the orc.
You kill the orc!
* * * LOW HITPOINT WARNING * * *
You feel extremely sick.
Unknown command.
It was a potion of flight.
You feel very buoyant.
You fly up into the air.
* * * LOW HITPOINT WARNING * * *
You feel very sick.
Unknown command.
It was a potion of mutation.
You feel extremely strange.
You feel yourself wasting away.
* * * LOW HITPOINT WARNING * * *
You feel very sick.
Unknown command.
It was a potion of haste.
You feel yourself speed up.
* * * LOW HITPOINT WARNING * * *
You feel very sick.
It was a potion of might.
You feel very mighty all of a sudden.
* * * LOW HITPOINT WARNING * * *
You feel sick.
It was a potion of attraction.
You feel attractive to monsters.
* * * LOW HITPOINT WARNING * * *
You feel sick.
Really quaff the potion of mutation?
You feel extremely strange.
You feel healthier. Fur sprouts all over your body.
Your bones become slightly less dense.
You feel your magical essence link to the dungeon's wands.
You die...

.... .... ...
### ... ...
..#
.##.####.###
.....#.....#
#...))).+
#...@..#
###.....# ..
#.....# ###.
#.....#
...##.#'###
#.#.#.....#
#yy#....##
#.y#©...###.#
#..#........#


You could see a killer bee.

Vanquished Creatures
  A centaur (D:5)
  A scorpion (D:5)
  A centaur skeleton (D:5)
  2 orc priests (D:5)
  An orc wizard (D:4)
  2 gnolls (D:4)
  An adder (D:5)
  A shadow imp (D:5)
  A white imp (D:4)
  An adder skeleton (D:4)
  2 worms (D:4)
  4 dart slugs
  8 orcs
  6 endoplasms
  2 giant cockroaches
  6 hobgoblins
  2 jackals (D:1)
  3 quokkas
  2 ball pythons
  4 bats
  3 frilled lizards
  12 goblins
  9 kobolds
  A rat (D:2)
76 creatures vanquished.

Vanquished Creatures (collateral kills)
  Edmund (D:4)
  A phantom (D:4)
  Jessica (D:2)
  3 adders
  A gnoll (D:4)
  A dart slug (D:1)
  An orc (D:5)
  An endoplasm (D:1)
  2 goblins
  A hobgoblin (D:1)
  A bat (D:1)
  3 kobolds
17 creatures vanquished.

Grand Total: 93 creatures vanquished

Notes
Turn   | Place    | Note
-------+----------+-------------------------------------------
     0 | D:1      | tilp the Barachi Summoner began the quest for the Orb.
     0 | D:1      | Reached XP level 1. HP: 13/13 MP: 3/3
   327 | D:1      | Reached skill level 1 in Fighting
   542 | D:1      | Reached XP level 2. HP: 17/22 MP: 1/5
   545 | D:1      | Learned a level 2 spell: Call Imp
  1656 | D:1      | Reached XP level 3. HP: 20/29 MP: 6/6
  2193 | D:1      | Learned a level 3 spell: Call Canine Familiar
  2840 | D:2      | Reached skill level 5 in Summonings
  2954 | D:2      | Found a faded altar of an unknown god.
  2962 | D:2      | Reached XP level 4. HP: 25/37 MP: 7/7
  3092 | D:2      | Noticed Jessica
  3100 | D:2      | Killed Jessica
  4797 | D:4      | Noticed Edmund
  4903 | D:4      | Reached skill level 6 in Summonings
  4959 | D:4      | Reached XP level 5. HP: 37/42 MP: 8/8
  5287 | D:4      | HP: 2/42 [gnoll/+4 spear of venom (7)]
  5776 | D:4      | Noticed a phantom
  5794 | D:4      | Killed a phantom
  5795 | D:4      | Reached XP level 6. HP: 27/48 MP: 6/9
  5984 | D:4      | Killed Edmund
  6492 | D:5      | Entered Level 5 of the Dungeon
  6522 | D:4      | Reached skill level 1 in Evocations
  6611 | D:5      | Reached XP level 7. HP: 30/54 MP: 10/10
  6888 | D:5      | Gained mutation: Your body sometimes deteriorates upon
                  | taking damage. [potion of mutation]
  6891 | D:5      | HP: 1/54 [poisoned by an orc]
  6892 | D:5      | Lost mutation: Your body sometimes deteriorates upon taking
                  | damage. [potion of mutation]
  6892 | D:5      | Gained mutation: You are covered in fur. (AC +1) [potion of
                  | mutation]
  6892 | D:5      | Gained mutation: You have a somewhat thin skeletal
                  | structure. (Dex +2, Stealth+) [potion of mutation]
  6892 | D:5      | Gained mutation: You expend magic power (3 MP) to
                  | strengthen your wands. [potion of mutation]
  6892 | D:5      | Succumbed to an orc's poison

Illustrated notes

Levels and vault maps discovered:
D:1:      ebering_hopf_link, layout_basic
D:2:      layout_loops_ring, hellmonk_ecumenical_altar_heavens_door,
          uniq_jessica
D:3:      layout_loops_ring
D:4:      wander_river, layout_basic, kennysheep_generic_room_7, uniq_edmund
D:5:      layout_basic, gammafunk_ghost_hive

Skill      XL: |  1  2  3  4  5  6  7 |
---------------+----------------------+-----
Fighting       | 2 3 4 |  4.0
Summonings     | 5 6 |  6.0
Stealth        | 2 4 |  4.0
Dodging        | 3 4 |  4.0
Evocations     | 2 4 |  4.0
Polearms       | |  0.2
Spellcasting   | |  2.2

Action                   |  1- 3 |  4- 6 |  7- 9 || total
-------------------------+-------+-------+-------++-------
Melee: Dagger            |   152 |    68 |       ||   220
       Unarmed           |     1 |       |       ||     1
       Whip              |       |    58 |       ||    58
       Spear             |       |    48 |    26 ||    74
 Cast: Summon Small Mamm |     7 |       |     2 ||     9
       Call Imp          |     7 |       |     1 ||     8
       Call Canine Famil |     2 |     7 |     1 ||    10
  Use: Scroll            |     2 |     9 |       ||    11
       Potion            |       |     3 |     6 ||     9
 Stab: Sleeping          |     2 |     2 |       ||     4
       Distracted        |       |     1 |       ||     1
Armor: Robe              |    20 |    11 |       ||    31
       Ring mail         |       |    43 |    13 ||    56
Dodge: Dodged            |   100 |    83 |    17 ||   200

Table legend: (Time is in decaauts)
 A = Elapsed time spent in this place.
 B = Non-inter-level travel time spent in this place.
 C = Inter-level travel time spent in this place.
 D = Time resting spent in this place.
 E = Time spent auto-exploring this place.
 F = Levels seen in this place.
 G = Mean time per level.
                   A        B        C        D        E       F      G
               +--------+--------+--------+--------+--------+-----+--------+
         Total |   7508 |   7195 |    313 |   2091 |   4133 |   5 | 1501.6 |
       Dungeon |   7508 |   7195 |    313 |   2091 |   4133 |   5 | 1501.6 |
               +--------+--------+--------+--------+--------+-----+--------+

Top non-repeatable levels by time:
     D:1: 2428 daAuts
     D:4: 2023 daAuts
     D:2: 1686 daAuts
     D:3: 1043 daAuts
     D:5: 327 daAuts
